 Dungeon Crawl Stone Soup version 0.30.0-5-g1a98f26d00 (webtiles) character file.

Game seed: 15449826787130901978

65 RascalDebosk the Magician (level 4, -1/31 HPs)
             Began as a Djinni Earth Elementalist on May 10, 2023.
             Slain by an orc priest
             ... wielding a +0 short sword
              (5 damage)
             ... on level 3 of the Dungeon.
             The game lasted 00:09:23 (1799 turns).

RascalDebosk the Magician (DjEE)                    Turns: 1799, Time: 00:09:23

Health: -1/31      AC:  2    Str:  7    XL:     4   Next: 35%
Gold:   152        EV: 11    Int: 18    God:
                   SH:  3    Dex: 14

rFire   + + .        (no weapon)
rCold   . . .        b - +0 buckler
rNeg    . . .        a - +0 robe
rPois   ∞            (no helmet)
rElec   .            (no cloak)
rCorr   .            (no gloves)
SInv    +            (boots unavailable)
Will    .....        (no amulet)
Stlth   ++           q - ring of protection from cold
HPRegen 0.25/turn    r - ring of see invisible
MPRegen 0.00/turn

%: infuse magic (-2 HP)
@: flying
A: sickness immunity, fire resistance 2, cold vulnerability 1, float, innate
caster, HP casting, extra vitality 1
a: no special abilities


You were on level 3 of the Dungeon.
You visited 1 branch of the dungeon, and saw 3 of its levels.

You collected 152 gold pieces.

Inventory:

Armour
 a - a +0 robe (worn)
 b - a +0 buckler (worn)
Jewellery
 q - a ring of protection from cold (left hand)
 r - a ring of see invisible (right hand)
Scrolls
 c - 2 scrolls of butterflies {unknown}
 d - a scroll of vulnerability {unknown}
 e - a scroll of brand weapon {unknown}
 f - a scroll of immolation {unknown}
 g - a scroll of fog {unknown}
 h - 3 scrolls of teleportation {unknown}
 i - 2 scrolls of enchant weapon {unknown}
 j - a scroll of noise {unknown}
 m - a scroll of magic mapping {unknown}
 o - 2 scrolls of identify {unknown}
 p - 2 scrolls of silence {unknown}
Potions
 k - a potion of haste {unknown}
 l - 2 potions of attraction {unknown}
 n - a potion of might {unknown}
 s - a potion of degeneration {unknown}


   Skills:
 - Level 2.1 Dodging
 - Level 1.5 Stealth
 * Level 3.8 Spellcasting


You knew the following spells:

 Your Spells              Type           Power      Damage    Failure   Level
a - Sandblast             Erth           34%        2d9       5%          1
b - Passwall              Tmut/Erth      14%        N/A       8%          2
c - Stone Arrow           Conj/Erth      34%        3d9       16%         3
d - Petrify               Tmut/Erth      17%        N/A       45%         4
e - Freeze                Ice            68%        1d8       5%          1
Your spell library was empty.

Dungeon Overview and Level Annotations

Branches:
Dungeon (3/15)

Altars:


Innate Abilities, Weirdness & Mutations

You are immune to sickness and miasma.
You are immune to poison.
Your flesh is very heat resistant. (rF++)
You are vulnerable to cold. (rC-)
You float through the air rather than walking.
You learn spells naturally, not from books.
Your magical power is your life essence.
You have superior vitality. (+4 MHP)


Message History

You kill the goblin!
HP restored.
You now have 152 gold pieces (gained 17).
You feel a little less clever now.
Things that are here:
a +0 dagger; a goblin corpse You see here a +0 dagger.
You see here a bat corpse.
Done exploring.
There is a stone staircase leading down here.
You fly downwards.
Found a scroll labelled HONOUJ DYJOU.
There is a stone staircase leading up here.
f - a scroll labelled HONOUJ DYJOU
Found a stone staircase leading down.
Found a quarterstaff.
Found a stone staircase leading down.
p - 2 scrolls labelled CIRONIF SOARPHI (gained 1)
You see here a +0 quarterstaff.
You see here a +0 quarterstaff.
h - 2 scrolls labelled MOOD MEOVAFAHI (gained 1)
You reach down and open the door.
A kobold comes into view. It is wielding a +0 dagger.
The kobold shouts!
Found a scroll labelled MOOD MEOVAFAHI.
There is an open door here.
Casting: Sandblast (safe; 5% risk of failure)
Confirm with . or Enter, or press ? or * to list all spells.
Aiming: Sandblast (safe; 5% risk of failure)
Press: ? - help, Shift-Dir - straight line, f - kobold
Aim: a kobold, wielding a +0 dagger (77% to hit)
The blast of sand hits the kobold.
You kill the kobold!
HP restored.
h - 3 scrolls labelled MOOD MEOVAFAHI (gained 1)
You reach down and open the door. 2 orcs and an orc priest come into view.
The orc priest shouts!
You hear a shout!
An orc comes into view. It is wielding a +0 short sword.
The orc priest calls down the wrath of Beogh upon you.
Beogh smites you!
The orc shouts!
Casting: Sandblast (safe; 5% risk of failure)
Confirm with . or Enter, or press ? or * to list all spells.
Aiming: Sandblast (safe; 5% risk of failure)
Press: ? - help, Shift-Dir - straight line, f - orc
Aim: an orc, wielding a +0 flail (82% to hit)
The blast of sand hits the orc.
The orc is heavily wounded.
Casting: Sandblast (safe; 5% risk of failure)
Confirm with . or Enter, or press ? or * to list all spells.
Aiming: Sandblast (safe; 5% risk of failure)
Press: ? - help, Shift-Dir - straight line, f/p - orc
Aim: an orc, wielding a +0 flail (heavily wounded, 82% to hit)
The blast of sand hits the orc!
You kill the orc!
Casting: Sandblast (safe; 5% risk of failure)
Confirm with . or Enter, or press ? or * to list all spells.
Aiming: Sandblast (safe; 5% risk of failure)
Press: ? - help, Shift-Dir - straight line, f - orc
Aim: an orc, wielding a +0 short sword (82% to hit)
The blast of sand hits the orc!
You kill the orc!
The orc priest looks encouraged for a moment.
Casting: Sandblast (safe; 5% risk of failure)
Confirm with . or Enter, or press ? or * to list all spells.
Aiming: Sandblast (safe; 5% risk of failure)
Press: ? - help, Shift-Dir - straight line, f - orc
Aim: an orc, wielding a +0 short sword and wearing a +0 ring mail (84% to hit)
The blast of sand hits the orc.
The orc is heavily wounded.
The orc priest calls down the wrath of Beogh upon you.
Beogh smites you!
* * * LOW HITPOINT WARNING * * *
Unknown command.
Casting: Sandblast (safe; 5% risk of failure)
Confirm with . or Enter, or press ? or * to list all spells.
Aiming: Sandblast (safe; 5% risk of failure)
Press: ? - help, Shift-Dir - straight line, f/p - orc
Aim: an orc, wielding a +0 short sword and wearing a +0 ring mail (heavily wounded, 84% to hit)
The blast of sand hits the orc.
You kill the orc!
* * * LOW HITPOINT WARNING * * *
Casting: Sandblast (safe; 5% risk of failure)
Confirm with . or Enter, or press ? or * to list all spells.
Aiming: Sandblast (safe; 5% risk of failure)
Press: ? - help, Shift-Dir - straight line, f - orc priest
Aim: an orc priest, wielding a +0 short sword and wearing a +0 ring mail (84% to hit)
The blast of sand hits the orc priest but does no damage.
* * * LOW HITPOINT WARNING * * *
Casting: Sandblast (safe; 5% risk of failure)
Confirm with . or Enter, or press ? or * to list all spells.
Aiming: Sandblast (safe; 5% risk of failure)
Press: ? - help, Shift-Dir - straight line, f/p - orc priest
Aim: an orc priest, wielding a +0 short sword and wearing a +0 ring mail (84% to hit)
The blast of sand hits the orc priest!
The orc priest is heavily wounded.
* * * LOW HITPOINT WARNING * * *
The orc priest hits you with a +0 short sword.
You die...

##...## #.....##.
#####.....## #...####.
..........## #..## #.
#.........####...####.
+.........'...........
#.........####...#####
#.......)##........#
#.#.....###.###.##.#
##.@.## #.# #....#
##o## #.######.# #)#
#........# #.#
########.# #.# #.# ...
#.# ... #.# ... #.#
..#


You could see an orc priest.

Vanquished Creatures
  3 adders (D:2)
  3 orcs (D:3)
  6 bats
  4 endoplasms
  3 giant cockroaches
  2 hobgoblins
  2 quokkas (D:2)
  2 ball pythons
  2 goblins (D:2)
  8 kobolds
  2 rats (D:2)
37 creatures vanquished.

Notes
Turn   | Place    | Note
-------+----------+-------------------------------------------
     0 | D:1      | RascalDebosk the Djinni Earth Elementalist began the quest
                  | for the Orb.
     0 | D:1      | RascalDebosk set off with the following spells memorised:
                  | Sandblast, Passwall, Stone Arrow, Petrify.
     0 | D:1      | Reached XP level 1. HP: 15/15 MP: 0/0
    88 | D:1      | Found a faded altar of an unknown god.
   251 | D:1      | Reached XP level 2. HP: 21/21 MP: 0/0
   320 | D:1      | You are sucked into a shaft and drop 1 floor!
   377 | D:2      | Reached skill level 3 in Spellcasting
   380 | D:2      | Reached XP level 3. HP: 6/25 MP: 0/0
   380 | D:2      | Learned a level 1 spell: Freeze
   922 | D:2      | Reached XP level 4. HP: 30/31 MP: 0/0
  1799 | D:3      | Slain by an orc priest

Illustrated notes

Levels and vault maps discovered:
D:1:      matt_arrival_refuge, layout_basic, shapermc_ecumenical_altar_venn,
          kennysheep_boxes
D:2:      layout_basic, minmay_tiny_reverse_x
D:3:      layout_loops_corners, minmay_pentangle

Skill      XL: |  1  2 |
---------------+-------+-----
Spellcasting   | 3 |  3.8
Dodging        | |  2.1
Stealth        | |  1.5

Action                     |  1- 3 |  4- 6 || total
---------------------------+-------+-------++-------
   Cast: Sandblast         |    38 |    19 ||    57
    Use: Potion            |       |     1 ||     1
 Armour: Robe              |     4 |       ||     4
  Dodge: Dodged            |    14 |     2 ||    16
  Block: Buckler           |     3 |       ||     3
